 Dungeon Crawl Stone Soup version 0.28.0-53-g5a82cb258f (webtiles) character file.

Game seed: 3079509493449453278

1358 LustLizard the Cleaver (level 8, -7/106 HPs)
             Began as a Minotaur Berserker on July 17, 2022.
             Was a Priest of Trog.
             Mangled by Agrostarius's ghost (10 damage)
             ... on level 6 of the Dungeon.
             The game lasted 00:06:16 (6462 turns).

LustLizard the Cleaver (Minotaur Berserker)         Turns: 6462, Time: 00:06:18

Health: -7/106     AC: 14    Str: 24    XL:     8   Next: 37%
Magic:  7/7        EV:  7    Int:  4    God:    Trog [***...]
Gold:   401        SH:  0    Dex: 10    Spells: 7/7 levels left

rFire   . . .      SeeInvis .   z - +0 war axe
rCold   . . .      Faith    .   (no shield)
rNeg    . . .      Spirit   .   s - +0 plate armour
rPois   .          Reflect  .   (helmet restricted)
rElec   .          Harm     .   m - +1 cloak
rCorr   .          Rampage  .   j - +0 pair of gloves
Will    .....                   (no boots)
Stlth   ..........              g - amulet of the acrobat
HPRegen 0.27/turn               (no ring)
MPRegen 0.10/turn               (no ring)

@: berserking, very quick
A: horns 2, retaliatory headbutt
a: Renounce Religion, Berserk, Trog's Hand


You were on level 6 of the Dungeon.
You worshipped Trog.
Trog was most pleased with you.
You visited 1 branch of the dungeon, and saw 6 of its levels.

You collected 401 gold pieces.

Inventory:

Hand Weapons
 a - a +0 hand axe
 n - a +2 quarterstaff of chaos
 z - a +0 war axe (weapon)
Missiles
 f - a throwing net
 i - 214 stones (quivered)
 t - 2 poisoned darts
 w - 3 curare-tipped darts
Armour
 b - a +0 animal skin
 e - a +0 leather armour
 j - a +0 pair of gloves (worn)
 m - a +1 cloak (worn)
 r - a +0 ring mail
 s - a +0 plate armour (worn)
Jewellery
 g - an amulet of the acrobat (around neck)
 A - an amulet of faith
 C - a ring of positive energy
 E - a ring of fire
Scrolls
 d - 6 scrolls of identify {unknown}
 h - a scroll of silence {unknown}
 l - 2 scrolls of magic mapping {unknown}
 p - a scroll of vulnerability {unknown}
 q - 3 scrolls of summoning {unknown}
 x - a scroll of fear {unknown}
 y - a scroll of teleportation {unknown}
 F - a scroll of noise {unknown}
Potions
 c - 2 potions of lignification {unknown}
 k - 3 potions of curing {unknown}
 o - 2 potions of haste {unknown}
 u - a potion of flight {unknown}
 v - 3 potions of attraction {unknown}
 B - a potion of magic {unknown}
 D - a potion of heal wounds {unknown}


   Skills:
 + Level 6.7 Fighting
 * Level 8.7 Axes
 * Level 6.1 Throwing
 - Level 2.4 Armour
 - Level 2.1 Dodging


You had 7 spell levels left.
You didn't know any spells.
Your spell library was empty.

Dungeon Overview and Level Annotations

Branches:
Dungeon (6/15)             Temple (0/1) D:6

Altars:

Shops:
D:2 :   D:6 :

Annotations:
D:6 1 transporter, Agrostarius's ghost, novice MiBe


Innate Abilities, Weirdness & Mutations

You have a pair of horns on your head.
You reflexively headbutt those who attack you in melee.


Message History

You hit the small abomination but do no damage.
The kobold brigand hits you with a +1 whip of distortion.
The small abomination barely misses you.
You hit the kobold brigand.
The kobold brigand is severely wounded.
You slash the small abomination!
The kobold brigand hits you with a +1 whip of distortion.
The small abomination hits you but does no damage.
You hit the small abomination but do no damage.
The small abomination is almost destroyed.
You hit the kobold brigand but do no damage.
The kobold brigand hits you but does no damage.
Space warps horribly around you!
* * * LOW HITPOINT WARNING * * *
The small abomination closely misses you.
You furiously retaliate!
You headbutt the small abomination!
You destroy the small abomination!
Trog accepts your kill.
Your Throwing skill increases to level 6!
A red film seems to cover your vision as you go berserk!
You feel yourself moving faster!
You feel mighty!
The kobold brigand hits you but does no damage.
You closely miss the kobold brigand.
The kobold brigand is severely wounded.
You closely miss Agrostarius's ghost.
The kobold brigand hits you but does no damage.
Space warps around you.
* * * LOW HITPOINT WARNING * * *
Agrostarius's ghost hits you.
* * * LOW HITPOINT WARNING * * *
Agrostarius's ghost burns you.
* * * LOW HITPOINT WARNING * * *
You closely miss the kobold brigand.
The kobold brigand is severely wounded.
You closely miss Agrostarius's ghost.
The kobold brigand hits you but does no damage.
Space warps around you.
* * * LOW HITPOINT WARNING * * *
Agrostarius's ghost hits you!
You die...

#.........#.. ..#..5...#©...#..##
###.......## ### #.#..5##...#..#
..#........# # ###.#5##..#..##
...........## #.##.#.5###......>
..#.........##.#.#..##.##...#....
..#..........#.5.##..###......###
..#..........#.##.#...........#..
###........###..#W##..........#.#
#..........# .#.@K.#####......#.#
.....##...##.#.###..##.##.....#.#
.........©#.#.##.# #...5#......<#
..........##.##..##.#####.......#
#..........###....####...........
#....##..........................
#######................)....#####
#..............#.......#..#######
#..............##......##.#......


You could see a kobold brigand and Agrostarius's ghost.

Vanquished Creatures
  A small abomination (D:6)
  A water moccasin (D:6)
  A sky beast (D:5)
  An ice beast (D:5)
  2 ogres
  A phantom (D:4)
  A kobold brigand (D:4)
  A gnoll sergeant (D:6)
  2 bullfrogs
  A hound (D:5)
  Crazy Yiuf (D:2)
  4 iguanas
  A bullfrog skeleton (D:6)
  2 hound skeletons (D:4)
  7 gnolls
  4 adders
  A white imp (D:5)
  An adder skeleton (D:4)
  A dart slug (D:2)
  9 orcs
  3 endoplasms
  3 giant cockroaches
  13 goblins
  10 hobgoblins
  6 jackals (D:4)
  5 quokkas
  7 ball pythons
  2 bats
  3 frilled lizards
  12 kobolds
  7 rats
114 creatures vanquished.

Notes
Turn   | Place    | Note
-------+----------+-------------------------------------------
     0 | D:1      | LustLizard the Minotaur Berserker began the quest for the
                  | Orb.
     0 | D:1      | Reached XP level 1. HP: 19/19 MP: 0/0
   225 | D:1      | Reached skill level 4 in Axes
   236 | D:1      | Reached XP level 2. HP: 25/27 MP: 1/1
   746 | D:2      | Identified the +1 ring mail "Faigaoss" {Dex+2 Stlth+}
   755 | D:2      | Reached ** piety under Trog
   878 | D:2      | Reached XP level 3. HP: 30/33 MP: 2/2
   948 | D:2      | Found a faded altar of an unknown god.
  1006 | D:2      | Reached skill level 1 in Throwing
  1174 | D:2      | Found Qifanicline's Book Emporium.
  1286 | D:2      | Found a runed translucent door.
  1287 | D:2      | Noticed Crazy Yiuf
  1683 | D:2      | Killed Crazy Yiuf
  1684 | D:2      | Reached skill level 5 in Axes
  1684 | D:2      | Reached XP level 4. HP: 41/41 MP: 3/3
  1810 | D:3      | Noticed a bullfrog
  1821 | D:3      | Killed a bullfrog
  1822 | D:3      | Reached XP level 5. HP: 31/47 MP: 4/4
  2426 | D:3      | Noticed an ogre
  2432 | D:3      | Killed an ogre
  2433 | D:3      | Reached skill level 6 in Axes
  2441 | D:3      | Reached skill level 5 in Fighting
  2757 | D:4      | Reached XP level 6. HP: 42/56 MP: 5/5
  3172 | D:4      | Reached *** piety under Trog
  4050 | D:4      | Reached XP level 7. HP: 47/54 MP: 6/6
  4457 | D:5      | Entered Level 5 of the Dungeon
  4475 | D:5      | Reached skill level 7 in Axes
  5161 | D:5      | Reached skill level 5 in Throwing
  5308 | D:6      | Found a transporter.
  5324 | D:6      | Found a transporter.
  5326 | D:6      | Noticed Agrostarius's ghost (novice MiBe)
  5575 | D:6      | Identified the +10 rapier of the Shore {pain, *Slow Str+9
                  | Dex-5 Stlth+}
  5681 | D:6      | Found Poruw's Book Boutique.
  5698 | D:6      | Reached skill level 8 in Axes
  5698 | D:6      | Reached XP level 8. HP: 70/70 MP: 7/7
  5849 | D:6      | Identified the ring "Ytobik" {Dex+5 SInv}
  6294 | D:6      | Found a staircase to the Ecumenical Temple.
  6462 | D:6      | HP: 3/106 [kobold brigand/+1 whip of distortion (3)]
  6462 | D:6      | Mangled by Agrostarius's ghost

Illustrated notes

Levels and vault maps discovered:
D:1:      grunt_arrival_crossed_arrows, layout_basic
D:2:      layout_basic, shapermc_ecumenical_altar_starsandcircs, serial_shops,
          shop, uniq_crazy_yiuf_cottage
D:3:      layout_loops_ring, solitary_fountain, chequers_serial_rivers_small_b,
          minmay_ogre_servants
D:4:      cheibrodos_thug_alley, layout_basic, kennysheep_generic_room_14
D:5:      layout_basic
D:6:      layout_basic, minmay_temple_entry_poolview,
          gammafunk_ghost_abyssal_escape, serial_shops, shop

Skill      XL: |  1  2  3  4  5  6  7  8 |
---------------+-------------------------+-----
Axes           | 4 5 6 8 |  8.7
Fighting       | 4 5 6 |  6.7
Throwing       | 1 2 3 4 5 6 |  6.1
Armour         | |  2.4
Dodging        | |  2.1

Action                   |  1- 3 |  4- 6 |  7- 9 || total
-------------------------+-------+-------+-------++-------
Melee: Hand axe          |    96 |   113 |    46 ||   255
       Headbutt          |     7 |    19 |    12 ||    38
       Punch             |     1 |     1 |     1 ||     3
       War axe           |       |       |    59 ||    59
Throw: Stone             |       |    10 |    27 ||    37
Invok: Berserk           |     1 |     1 |     1 ||     3
Armor: Animal skin       |     4 |       |       ||     4
       Leather armour    |    14 |     8 |       ||    22
       Ring mail         |       |     8 |       ||     8
       Plate armour      |       |    35 |    74 ||   109
Dodge: Dodged            |    78 |    53 |    34 ||   165
